 Dungeon Crawl Stone Soup version 0.29.1-15-g9cfb28693d (webtiles) character file.

Game seed: 13440216357083563638

463 dudediamond6 the Covert (level 7, -3/47 HPs)
             Began as an Octopode Brigand on Feb 24, 2023.
             Was a Follower of Dithmenos.
             Slain by a worm (8 damage)
             ... on level 4 of the Dungeon.
             The game lasted 00:09:03 (5544 turns).

dudediamond6 the Covert (Octopode Brigand)          Turns: 5544, Time: 00:09:03

Health: -3/47      AC:  1    Str: 11    XL:     7   Next: 7%
Magic:  16/16      EV: 11    Int: 13    God:    Dithmenos [*.....]
Gold:   215        SH:  7    Dex: 15    Spells: 6/6 levels left

rFire   . . .      SeeInvis +   h - +2 short sword (drain)
rCold   . . .      Faith    .   j - +0 kite shield
rNeg    . . .      Spirit   .   (helmet restricted)
rPois   .          Reflect  .   (no amulet)
rElec   .          Harm     .   o - ring of magical power
rCorr   .          Rampage  .   p - ring of see invisible
Will    .....                   (no ring)
Stlth   ++++++....              (no ring)
HPRegen 0.15/turn               (no ring)
MPRegen 0.15/turn               (no ring)
                                (no ring)
                                (no ring)

@: slowed, wreathed by umbra, very slow
A: almost no armour, amphibious, 8 rings, camouflage 1, gelatinous body 1,
(nimble swimmer 1), tentacles
a: Renounce Religion


You were on level 4 of the Dungeon.
You worshipped Dithmenos.
Dithmenos was aware of your devotion.
You visited 1 branch of the dungeon, and saw 4 of its levels.

You collected 215 gold pieces.

Inventory:

Hand Weapons
 a - a +3 dagger
 h - a +2 short sword of draining (weapon)
Missiles
 b - 16 poisoned darts (quivered)
 c - 3 curare-tipped darts
 t - 6 atropa-tipped darts
Armour
 j - a +0 kite shield (worn)
Jewellery
 o - a ring of magical power (left tentacle)
 p - a ring of see invisible (right tentacle)
Wands
 m - a wand of iceblast (7)
Scrolls
 e - 3 scrolls of identify
 n - a scroll of blinking {unknown}
 q - a scroll of amnesia {unknown}
Potions
 d - a potion of haste
 f - a potion of resistance {unknown}
 g - a potion of cancellation {unknown}
 i - a potion of heal wounds {unknown}
 k - a potion of brilliance {unknown}
 l - a potion of degeneration {unknown}


   Skills:
 * Level 3.6 Fighting
 + Level 4.5 Short Blades
 - Level 2.0 Throwing
 * Level 2.0 Dodging
 + Level 8.3 Stealth
 + Level 0.1 Shields


You had 6 spell levels left.
You didn't know any spells.
Your spell library was empty.

Dungeon Overview and Level Annotations

Branches:
Dungeon (4/15)
 Temple: D:4-7

Altars:
Dithmenos
Elyvilon
Makhleb
Wu Jian

Annotations:
D:1 2 runed translucent doors


Innate Abilities, Weirdness & Mutations

You cannot wear most types of armour.
You are amphibious.
You can wear up to eight rings at the same time.
Your skin changes colour to match your surroundings (Stealth+).
Your rubbery body absorbs attacks. (AC +1, EV +1)
((You are camouflaged when in or above water. (Stealth+)))
You have tentacles for arms and can constrict up to eight enemies at once.


Message History

The goblin barely misses you. The hobgoblin closely misses you.
The crimson imp hits you. You block the goblin's attack.
You block the hobgoblin's attack. The goblin attacks as you move away!
The goblin misses you.
The crimson imp blinks!
The shadow imp barely misses you.
You hit Natasha. You drain Natasha. You grab Natasha.
Natasha is moderately wounded.
You constrict Natasha. The shadow imp hits you.
You block the hobgoblin's attack. Natasha barely misses you.
The shadow imp misses you. You block the hobgoblin's attack.
You hit Natasha. You squeeze Natasha.
You kill Natasha!
Dithmenos accepts your kill.
Natasha screams in pain as she dies!
The crimson imp disappears in a puff of smoke!
The shadow imp disappears in a puff of smoke! x2
The worm barely misses you. The hobgoblin misses you.
Your Dodging skill increases to level 2!
You are too injured to fight recklessly!
You are too injured to fight recklessly!
You barely miss the goblin. You grab the goblin. You squeeze the goblin.
The goblin is moderately wounded.
You constrict the goblin. The goblin hits you with a +0 dagger.
The hobgoblin hits you. The worm misses you. The goblin barely misses you.
The hobgoblin closely misses you.
You hit the goblin.
You kill the goblin!
Dithmenos accepts your kill. You block the hobgoblin's attack.
The worm bites you.
* * * LOW HITPOINT WARNING * * *
The hobgoblin hits you.
* * * LOW HITPOINT WARNING * * *
The hobgoblin attacks as you move away!
The hobgoblin hits you but does no damage.
The hobgoblin closely misses you.
You barely miss the hobgoblin. Your grab misses the hobgoblin.
The hobgoblin hits you.
* * * LOW HITPOINT WARNING * * *
The worm bites you!
You die... #### ...### #.#.# ##...###### #. #.........# #.##.........# P...♣# ...#........### #.P.P. ..........)w....# #PP..## ..##.......g@...## #P.♣.# ##.<..........### PP.P#

##...####..#....#♣♣####..P
#....+.##..#..............
#.....#.#...#.#.#....##....
....#...#.....#.....###....#.
......#...#...........###....#.
..### ....#.............+....#'
. ................# #......


You could see a worm and a hobgoblin.

Vanquished Creatures
  A phantom (D:4)
  A scorpion (D:4)
  A hound (D:4)
  An orc priest (D:3)
  Terence (D:2)
  Natasha (D:4)
  Robin (D:2)
  4 gnolls
  5 adders
  An ufetubus (D:4)
  4 worms
  2 dart slugs
  7 orcs
  4 ball pythons
  7 endoplasms
  19 goblins
  7 hobgoblins
  2 jackals (D:1)
  3 quokkas
  10 bats
  5 frilled lizards
  12 kobolds
  5 rats
104 creatures vanquished.

Notes
Turn   | Place    | Note
-------+----------+-------------------------------------------
     0 | D:1      | dudediamond6 the Octopode Brigand began the quest for the
                  | Orb.
     0 | D:1      | Reached XP level 1. HP: 14/14 MP: 1/1
   145 | D:1      | Reached XP level 2. HP: 18/19 MP: 2/2
   166 | D:1      | Found a large runed translucent door.
   166 | D:1      | Found a large runed translucent door.
   168 | D:1      | Noticed a troll
   306 | D:1      | Found a faded altar of an unknown god.
   420 | D:1      | Reached skill level 6 in Stealth
   593 | D:1      | Reached XP level 3. HP: 13/24 MP: 3/3
  1439 | D:2      | Reached XP level 4. HP: 30/30 MP: 4/4
  2027 | D:2      | Noticed Terence
  2035 | D:2      | Killed Terence
  2036 | D:2      | Reached XP level 5. HP: 33/35 MP: 5/5
  3075 | D:2      | Reached skill level 7 in Stealth
  3484 | D:3      | Noticed Robin
  3747 | D:2      | Killed Robin
  4090 | D:3      | Found a burning altar of Makhleb.
  4336 | D:3      | Found a white marble altar of Elyvilon.
  4341 | D:3      | Found a shadowy altar of Dithmenos.
  4356 | D:3      | Became a worshipper of Dithmenos the Shadowed
  4788 | D:4      | Reached XP level 6. HP: 42/42 MP: 6/6
  5338 | D:4      | Found an ornate altar of the Wu Jian Council.
  5400 | D:4      | Reached skill level 8 in Stealth
  5406 | D:4      | Reached * piety under Dithmenos
  5525 | D:4      | Noticed Natasha
  5536 | D:4      | Reached XP level 7. HP: 30/46 MP: 7/7
  5539 | D:4      | Killed Natasha
  5544 | D:4      | Slain by a worm

Illustrated notes

Levels and vault maps discovered:
D:1:      erik_arrival_cave_to_civilisation [erik_arrival_cave_to_temple],
          layout_basic, basic_ecumenical_altar
D:2:      layout_loops_ring, grunt_ministairs_1, minmay_unequal, uniq_terence
D:3:      layout_rooms, old_standard_altar, mainiacjoe_overflow_large_starburst,
          uniq_robin
D:4:      kennysheep_kobold_camp, layout_basic,
          nicolae_wu_jian_immortal_techniques, palyth_stone_intersect,
          glass_columns_c, uniq_natasha

Skill      XL: |  1  2  3  4  5  6  7 |
---------------+----------------------+-----
Stealth        | 6 7 8 |  8.3
Short Blades   | 3 4 |  4.5
Fighting       | 3 |  3.6
Dodging        | 2 |  2.0
Throwing       | |  2.0
Shields        | |  0.1

Action                   |  1- 3 |  4- 6 |  7- 9 || total
-------------------------+-------+-------+-------++-------
Melee: Dagger            |    50 |    99 |       ||   149
       Constrict         |    14 |    33 |     2 ||    49
       Tentacles         |    13 |    27 |     2 ||    42
       Punch             |       |     5 |       ||     5
       Short sword       |       |    51 |     6 ||    57
  Use: Scroll            |       |    11 |       ||    11
       Potion            |       |     2 |       ||     2
 Stab: Sleeping          |     8 |    16 |       ||    24
       Distracted        |       |     1 |       ||     1
Armor: Skin              |     3 |     8 |     1 ||    12
Dodge: Dodged            |    32 |    67 |    12 ||   111
Block: Kite shield       |       |    14 |     5 ||    19
